 Dungeon Crawl Stone Soup version 0.24-a0-630-g0d56a851f4 (webtiles) character file.

Game seed: 16875653254636598409, levelgen mode: deterministic

811 Gynju the Chiller (level 7, -12/36 HPs)
             Began as a Deep Elf Ice Elementalist on Sept 20, 2019.
             Mangled by an ice beast (13 damage)
             ... on level 6 of the Dungeon.
             The game lasted 00:13:38 (6997 turns).

Gynju the Chiller (Deep Elf Ice Elementalist)       Turns: 6997, Time: 00:13:38

Health: -12/36     AC: 11    Str:  5    XL:     7   Next: 61%
Magic:  16/17      EV: 13    Int: 22    God:
Gold:   326        SH:  0    Dex: 15    Spells: 10/16 levels left

rFire    . . .     SeeInvis .   o - +0 falchion
rCold    . . .     Gourm    .   (no shield)
rNeg     . . .     Faith    .   a - +0 robe
rPois    .         Spirit   .   (no helmet)
rElec    .         Reflect  .   (no cloak)
rCorr    .         Harm     .   s - +0 pair of gloves
MR       .....                  t - +1 pair of boots
Stlth    ++........             (no amulet)
HPRegen  0.12/turn              (no ring)
MPRegen  0.15/turn              (no ring)

@: icy armour
A: no striking features
a: no special abilities


You were on level 6 of the Dungeon.
You were not hungry.

You visited 1 branch of the dungeon, and saw 6 of its levels.

You collected 326 gold pieces.

Inventory:

Hand Weapons
 o - a +0 falchion (weapon)
Armour
 a - a +0 robe (worn)
 s - a +0 pair of gloves (worn)
 t - a +1 pair of boots (worn)
Jewellery
 n - a +6 ring of evasion {unknown}
Scrolls
 b - a scroll of enchant weapon {unknown}
 e - 8 scrolls of identify {unknown}
 f - 4 scrolls of teleportation {unknown}
 g - 3 scrolls of magic mapping {unknown}
 h - 5 scrolls of remove curse {unknown}
 l - 2 scrolls of random uselessness {unknown}
 m - a scroll of fear {unknown}
 p - a scroll of amnesia {unknown}
 r - a scroll of noise {unknown}
Potions
 d - a potion of haste {unknown}
 i - a potion of degeneration {unknown}
 j - a potion of berserk rage {unknown}
 k - a potion of heal wounds {unknown}
 q - a potion of invisibility {unknown}
 u - 2 potions of curing {unknown}
 v - a potion of lignification {unknown}
 w - a potion of brilliance {unknown}
 x - a potion of flight {unknown}
Comestibles
 c - 7 rations


   Skills:
 - Level 2.4 Dodging
 - Level 2.4 Stealth
 - Level 5.4 Spellcasting
 - Level 5.0 Conjurations
 + Level 7.7 Ice Magic


You had 10 spell levels left.
You knew the following spells:

 Your Spells              Type           Power        Failure   Level  Hunger
a - Freeze                Ice            ####         1%          1    None
b - Throw Frost           Conj/Ice       ####..       1%          2    None
c - Ozocubu's Armour      Chrm/Ice       ###.....     6%          3    ##.....

Your spell library contained the following spells:

 Spells                   Type           Power        Failure   Level  Hunger
 Sting                    Conj/Pois      ###.         3%          1    None
 Throw Icicle             Conj/Ice       ####....     7%          4    ####...
 Beastly Appendage        Tmut           #.....       10%         1    None
 Poisonous Vapours        Pois/Air       #.....       14%         2    None
 Sticks to Snakes         Tmut           #.......     14%         2    None
 Mephitic Cloud           Conj/Pois/Air  ##......     14%         3    ##.....
 Ice Form                 Ice/Tmut       ###.....     21%         4    ####...
 Summon Ice Beast         Ice/Summ       ###.....     21%         4    ####...
 Spider Form              Tmut/Pois      #.........   28%         3    ##.....
 Olgreb's Toxic Radiance  Pois           #.......     67%         4    ####...
 Venom Bolt               Conj/Pois      ###.......   67%         5    #####..
 Blade Hands              Tmut           #.........   95%         5    #####..


Dungeon Overview and Level Annotations

Branches:
Dungeon (6/15)
 Temple: D:4-7

Altars:
Hepliaklqana

Annotations:
D:3 1 runed translucent door, Ijustatesigmund's ghost, amateur MiMo
D:5 exclusion: 4 slaves, Eustachio


Message History

The ice beast hits you but does no damage.
You closely miss the ice beast.
The ice beast is heavily wounded.
The ice beast misses you. The ice beast closely misses you.
You barely miss the ice beast.
The ice beast is heavily wounded.
The ice beast hits you. The ice beast freezes you!
* * * LOW HITPOINT WARNING * * *
You hit the ice beast.
The ice beast is severely wounded.
The ice beast hits you but does no damage.
You hit the ice beast but do no damage.
The ice beast is severely wounded.
The ice beast hits you but does no damage.
You hit the ice beast but do no damage.
The ice beast is severely wounded.
The ice beast hits you.
* * * LOW HITPOINT WARNING * * *
The ice beast freezes you!
You die...

........# .##.....##
... ##........ ..####
##.......# ......
.#........ ##....
.........# #....
...##....###..### ....#
#..##.##.##
##..####........@#
##...##......##.Y....#
#.....#..#...####.....#
.........#..## ...###
............# ....#
...........#.. ...##
......##.#.#.. ....
........##...#. ....?
........ ...#


You could see an ice beast.

Vanquished Creatures
  Edmund (D:5)
  2 ogres (D:5)
  A centaur (D:6)
  A scorpion (D:4)
  A crimson imp (D:5)
  A hound (D:4)
  An orc priest (D:2)
  An iguana (D:5)
  2 orc wizards (D:5)
  2 worker ants (D:5)
  8 adders
  2 dart slugs
  3 worms
  3 leopard geckos
  14 orcs
  A ball python (D:4)
  7 bats
  7 giant cockroaches
  9 goblins
  6 hobgoblins
  5 kobolds
  3 quokkas
  4 frilled lizards
  A leopard gecko skeleton (D:5)
  11 rats
97 creatures vanquished.

Notes
Turn   | Place    | Note
-------+----------+-------------------------------------------
     0 | D:1      | Gynju the Deep Elf Ice Elementalist began the quest for the
                  | Orb.
     0 | D:1      | Reached XP level 1. HP: 10/10 MP: 6/6
   231 | D:1      | Reached XP level 2. HP: 15/15 MP: 4/8
   867 | D:1      | Reached skill level 4 in Ice Magic
   883 | D:1      | Reached XP level 3. HP: 8/19 MP: 0/10
  1180 | D:1      | Learned a level 2 spell: Throw Frost
  1348 | D:2      | Reached XP level 4. HP: 24/24 MP: 7/12
  1664 | D:2      | Reached skill level 5 in Spellcasting
  2036 | D:2      | Found a hazy altar of Hepliaklqana.
  2454 | D:3      | Reached skill level 5 in Ice Magic
  2710 | D:3      | Noticed Ijustatesigmund's ghost (amateur MiMo)
  2711 | D:3      | Found a runed translucent door.
  2758 | D:3      | Reached XP level 5. HP: 27/28 MP: 7/14
  3055 | D:4      | Noticed a phantom
  3218 | D:4      | HP: 1/28 [poisoned by a scorpion]
  3877 | D:5      | Entered Level 5 of the Dungeon
  3907 | D:5      | Noticed a slave
  3907 | D:5      | Noticed a slave
  3922 | D:5      | Reached XP level 6. HP: 32/32 MP: 13/16
  4100 | D:5      | Noticed Eustachio
  4137 | D:5      | Reached skill level 6 in Ice Magic
  5071 | D:5      | Noticed an ice beast
  5106 | D:5      | Reached XP level 7. HP: 23/36 MP: 8/17
  5160 | D:5      | Noticed Edmund
  5790 | D:5      | Killed Edmund
  5790 | D:5      | Reached skill level 7 in Ice Magic
  6186 | D:5      | Learned a level 3 spell: Ozocubu's Armour
  6506 | D:5      | Reached skill level 5 in Conjurations
  6997 | D:6      | HP: 1/36 [ice beast (1)]
  6997 | D:6      | Mangled by an ice beast

Levels and vault maps discovered:
D:1:      dpeg_arrival_pits, layout_basic, chequers_garden
D:2:      cheibrodos_pilgrimage, layout_rooms, marbit_many_paths,
          kennysheep_potato
D:3:      layout_loops_ring, hellmonk_ghost_happy_afterlife
D:4:      layout_basic, st_stairs_2, minmay_misc_feat_square
D:5:      layout_basic, first_ration, uniq_edmund, uniq_pikel, uniq_eustachio
D:6:      layout_cave_pools, elyvilon_altar_5, cheibriados_altar_1,
          serial_shops, shop

Skill      XL: |  1  2  3  4  5  6  7 |
---------------+----------------------+-----
Spellcasting   | 4 5 |  5.4
Ice Magic      | 4 5 6 7 |  7.7
Conjurations   | 2 4 5 |  5.0
Dodging        | |  2.4
Stealth        | |  2.4

Action                   |  1- 3 |  4- 6 |  7- 9 || total
-------------------------+-------+-------+-------++-------
Melee: Unarmed           |     5 |     5 |       ||    10
       Falchion          |       |    10 |    16 ||    26
       Mace              |       |     2 |       ||     2
 Cast: Freeze            |    50 |   102 |    30 ||   182
       Throw Frost       |       |    12 |     3 ||    15
       Ozocubu's Armour  |       |       |     3 ||     3
 Stab: Sleeping          |       |     1 |       ||     1
  Eat: Chunk             |     1 |    11 |     3 ||    15
       Ration            |       |       |     1 ||     1
Armor: Robe              |     5 |    16 |    16 ||    37
Dodge: Dodged            |    17 |    63 |    32 ||   112
       Rpst.: Falchion   |       |     8 |    11 ||    19

Table legend:
 A = Non-vault XP
 B = Vault XP
 C = Vault XP percentage of total XP
 D = Non-vault monster count
 E = Vault monster count
 F = Vault count percentage of total count
                 A         B        C        D         E       F
            +---------+---------+-------+---------+---------+-------
      Total |     936 |     223 |  19.2 |      85 |      12 |  12.4
            +---------+---------+-------+---------+---------+-------
        D:1 |      41 |       3 |   6.8 |      25 |       1 |   3.8
        D:2 |      46 |      60 |  56.6 |      14 |       9 |  39.1
        D:3 |      51 |       0 |   0.0 |      18 |       0 |   0.0
        D:4 |     157 |       3 |   1.9 |       7 |       1 |  12.5
        D:5 |     517 |     157 |  23.3 |      18 |       1 |   5.3
        D:6 |     124 |       0 |   0.0 |       3 |       0 |   0.0
            +---------+---------+-------+---------+---------+-------
